 Dungeon Crawl Stone Soup version 0.17-a0-986-gf45d1aa (webtiles) character file.

0 l0ser140 the Conjurer (level 1, -12/11 HPs)
             Began as an Octopode Conjurer on May 11, 2015.
             Mangled by a kobold
             ... wielding a +0 short sword of electrocution
              (19 damage)
             ... on level 1 of the Dungeon.
             The game lasted 00:01:28 (198 turns).

l0ser140 the Conjurer (Octopode Conjurer)            Turns: 198, Time: 00:01:29

Health: -12/11     AC:  1    Str:  7    XL:     1   Next: 10%
Magic:  3/3        EV: 12    Int: 17    God:
Gold:   9          SH:  0    Dex: 12    Spells: 1 memorised, 3 levels left

rFire  . . .     SeeInvis .     (no weapon)
rCold  . . .     Clarity  .     (no shield)
rNeg   . . .     SustAb   .     (helmet restricted)
rPois  .         Gourm    .     (no amulet)
rElec  .         Spirit   .     (no ring)
rCorr  .         Warding  .     (no ring)
rMut   .         Stasis   .     (no ring)
MR     .....                    (no ring)
Stlth  +++.......               (no ring)
                                (no ring)
                                (no ring)
                                (no ring)

@: not resistant to hostile enchantments, fairly stealthy
A: almost no armour, amphibious, 8 rings, constrict 8, camouflage 1, gelatinous
body 1
a: no special abilities


You were on level 1 of the Dungeon.
You were not hungry.

You visited 1 branch of the dungeon, and saw 1 of its levels.

You collected 9 gold pieces.

Inventory:

Scrolls
 c - 3 scrolls of identify {unknown}
 e - a scroll of teleportation {unknown}
 f - a scroll of amnesia {unknown}
Books
 a - a book of Conjurations

   Spells                             Type                      Level
   a - Magic Dart                     Conjuration                  1
   b - Searing Ray                    Conjuration                  2
   c - Dazzling Spray                 Conjuration/Hexes            3
   d - Fulminant Prism                Conjuration/Hexes            4
   e - Iskenderun's Mystic Blast      Conjuration                  4
   f - Iskenderun's Battlesphere      Conjuration/Charms           5
Comestibles
 b - a bread ration
 d - a meat ration


   Skills:
 - Level 2.0 Dodging
 - Level 2.6 Stealth
 - Level 2.0 Spellcasting
 * Level 4.0 Conjurations


You had 3 spell levels left.
You knew the following spells:

 Your Spells              Type           Power        Failure   Level  Hunger
y - Magic Dart            Conj           ###.         3%          1    #......


Dungeon Overview and Level Annotations

Branches:
Dungeon (1/15)

Altars:


Innate Abilities, Weirdness & Mutations

You cannot wear most types of armour.
You are amphibious.
You can wear up to eight rings at the same time.
You can use your tentacles to constrict eight enemies at once.
Your skin changes colour to match your surroundings (Stealth).
Your rubbery body absorbs attacks (AC +1).


Message History

Warning: Unknown monster: "goliath beetle: lightblue" (RCHANDRA.rc:780) Warning: Unknown monster: "baby alligator: cyan" (RCHANDRA.rc:803) Welcome, l0ser140 the Octopode Conjurer.
The bosom of this dungeon contains the fabled artefact, the Orb of Zot.
Found 9 gold pieces and 18 stones.
Found a staircase leading out of the dungeon.
Okay, then.
Unknown command.
Found a scroll labeled CESSIK IJUOCZA.
Found a scroll labeled ROUTATS XAFOG.
Found a meat ration.
Found a scroll labeled ROUTATS XAFOG.
Found 26 sling bullets.
c - a scroll labeled ROUTATS XAFOG
Found a stone staircase leading down.
Found a scroll labeled ROUTATS XAFOG.
c - 2 scrolls labeled ROUTATS XAFOG (gained 1) Number of times to repeat, then command key: You must enter the number of times for the command to repeat.
c - 3 scrolls labeled ROUTATS XAFOG (gained 1)
d - a meat ration
e - a scroll labeled CESSIK IJUOCZA
There is a fountain of clear blue water here.
You now have 9 gold pieces.
There is a fountain of clear blue water here.
f - a scroll labeled WUESUN KUSULLU A kobold comes into view.
It is wielding a club.
You closely miss the kobold. Your grab misses the kobold.
Your squeeze misses the kobold. The kobold hits you with a club.
Huge Dmg: -36%(-4hp) hp: 64%(7hp)
You barely miss the kobold. You grab the kobold. You squeeze the kobold.
You kill the kobold!
Unknown command.
Things that are here:
a club; a kobold corpse A kobold comes into view.
It is wielding a short sword of electrocution.
The kobold shouts!
A kobold is nearby!
The kobold barely misses you. The kobold barely misses you.
The kobold misses you. The kobold completely misses you.
The kobold barely misses you. The kobold closely misses you.
The kobold closely misses you. The kobold hits you but does no damage.
You are electrocuted!
Ouch! That really hurt!
You die...

#............#
#............# #.#
#............# #.#
#............# #.#
#............# #.#
#............# #.#
#########....###.#
####### ##...#.#K#
......####...#.#x#
.........##......#
...⌠......#..#.##########
......⌠...##............#
.≈.........#.#.#######.##
.......⌠...#.#.# #.#
....≈........#.#######)#
.......⌠...#.#.........#
.≈.........#.###########


You could see a kobold.

Vanquished Creatures
  A kobold (D:1)
1 creature vanquished.

Notes
Turn   | Place    | Note
--------------------------------------------------------------
     0 | D:1      | l0ser140 the Octopode Conjurer began the quest for the Orb.
     0 | D:1      | Reached XP level 1. HP: 11/11 MP: 3/3
   173 | D:1      | Huge Dmg: 4 Dmg
   198 | D:1      | Mangled by a kobold

Vault maps used:
D:1:      dpeg_arrival_stone_temple_mockup

Action                   || total
-------------------------++-------
Melee: Unarmed           ||     2

Vault maps used:
D:1:      dpeg_arrival_stone_temple_mockup
